AoeStats
← amjedballer

Highland

505810987Analyzed
2v2 RM · 21d ago on Sep 11, 2026· 49m 13s· 4 players
Game mode
Random Map
Map size
Medium (4 player)
Population
200
Speed
Normal
Resources
Standard
Victory
Conquest
Starting age
Dark Age
Ending age
Imperial Age
RankedLock teamsTeams togetherTeam positionsShared explorationLock speedFull tech treeHidden civsTurbo modeCheats
Victory
Defeat
🇺🇸 Spanish · United States
1015
+16
🇺🇸 Khmer · United States
1012
+16
🇵🇪 Persians · Peru
1023
-16
🇺🇸 Spanish · United States
1015
-16
amjedballer
4:29 Loom
10:30 Feudal Age
11:00 Double-Bit Axe
15:11 Fletching
17:02 Padded Archer Armor
22:59 Castle Age
20:54 Stone Mining
21:57 Gold Mining
24:59 Stone Shaft Mining
23:54 Crossbowman
24:32 Bodkin Arrow
28:23 Horse Collar
30:35 Gold Shaft Mining
30:17 Leather Archer Armor
31:21 Wheelbarrow
30:33 Town Watch
30:35 Loom
32:52 Hand Cart
33:38 Town Patrol
36:04 Fishing Lines
40:28 Imperial Age
40:09 Ballistics
40:00 Masonry
39:47 Murder Holes
40:53 Bow Saw
40:57 Forging
40:53 Scale Barding Armor
40:50 Arbalester
42:18 Iron Casting
41:48 Husbandry
41:24 Light Cavalry
42:58 Bracer
43:28 Ring Archer Armor
43:20 Chain Barding Armor
43:11 Heavy Plow
43:47 Architecture
44:21 Chemistry
43:29 Hussar
44:23 Bloodlines
45:57 Blast Furnace
46:37 Crop Rotation
Dick Johnson
10:36 Feudal Age
10:31 Loom
14:52 Castle Age
23:05 Horse Collar
23:13 Double-Bit Axe
24:05 Ballistics
31:46 Imperial Age
29:04 Town Watch
31:14 Padded Archer Armor
31:05 Fletching
34:27 Chemistry
33:56 Elite Conquistador
37:33 Capped Ram
40:23 Leather Archer Armor
40:04 Bodkin Arrow
40:29 Forging
40:20 Scale Mail Armor
43:24 Siege Ram
Exo
5:44 Loom
12:28 Feudal Age
hispa_will
1:06 Loom
13:18 Feudal Age
15:23 Double-Bit Axe
21:27 Castle Age
24:14 Scale Barding Armor
31:41 Fletching
33:49 Kamandaran
33:51 Bodkin Arrow
38:33 Imperial Age
35:49 Crossbowman
38:40 Thumb Ring
38:37 Padded Archer Armor
39:33 Chain Barding Armor
39:24 Forging
41:11 Wheelbarrow
41:28 Ballistics
44:23 Chemistry
44:48 Bloodlines
44:02 Cavalier
44:44 Husbandry
45:17 Light Cavalry
47:33 Leather Archer Armor
47:55 Plate Barding Armor
47:55 Iron Casting
48:45 Hussar
Connection lost

Rejoining the realm…

Still unreachable

The connection could not be restored.

Session expired

The server has moved on; the page needs a fresh start.